 Dungeon Crawl Stone Soup version 0.30-a0-738-g116ff8c4af (webtiles) character file.

Game seed: 8841430813873674175

2002 KleinerIrrer the Carver (level 9, 45/79 HPs)
             Began as a Minotaur Fighter on Feb 3, 2023.
             Was an Initiate of Okawaru.
             Got out of the dungeon alive.
             The game lasted 00:15:34 (6282 turns).

KleinerIrrer the Carver (Minotaur Fighter)          Turns: 6282, Time: 00:15:35

Health: 45/79      AC: 10    Str: 22    XL:     9   Next: 2%
Magic:  8/8        EV:  9    Int:  5    God:    Okawaru [......]
Gold:   476        SH:  6    Dex: 13    Spells: 8/8 levels left

rFire   . . .      SeeInvis .    a - +0 long sword
rCold   . . .      Faith    .    c - +0 buckler
rNeg    + + +      Spirit   +    b - +0 scale mail
rPois   .          Reflect  .    (helmet restricted)
rElec   .          Harm     .    (no cloak)
rCorr   .          Rampage  +    e - +0 pair of gloves
Will    .....                    o - +0 pair of boots of Intuition {Rampage rN++ Stlth-} Stlth
                                 n - amulet of guardian spirit
HPRegen 0.33/turn                k - ring of positive energy
MPRegen 0.11/turn                (no ring)

@: no status effects
A: horns 2, retaliatory headbutt
a: Renounce Religion


You escaped.
You worshipped Okawaru.
Okawaru was noncommittal.
You visited 2 branches of the dungeon, and saw 8 of its levels.
You also visited: Sewer.

You collected 476 gold pieces.

Inventory:

Hand Weapons
 a - a +0 long sword (weapon)
 u - a +0 dagger of venom
Missiles
 m - a throwing net
 t - 37 poisoned darts (quivered)
Armour
 b - a +0 scale mail (worn)
 c - a +0 buckler (worn)
 e - a +0 pair of gloves (worn)
 o - the +0 pair of boots of Intuition (worn) {Rampage rN++ Stlth-}
   (You found it on level 2 of the Dungeon)

   rN:        It greatly protects you from negative energy.
   Rampage:   It bestows one free step when moving towards enemies.
   Stlth:     It makes you less stealthy.
 x - a +0 plate armour
Jewellery
 k - a ring of positive energy (left hand)
 n - an amulet of guardian spirit (around neck)
Wands
 g - a wand of light (13)
Scrolls
 f - 3 scrolls of enchant weapon
 i - 5 scrolls of identify
 l - a scroll of vulnerability
 r - 3 scrolls of enchant armour
 s - a scroll of poison
 v - a scroll of blinking {unknown}
 y - 2 scrolls of amnesia {unknown}
Potions
 d - a potion of invisibility {unknown}
 h - a potion of lignification {unknown}
 j - a potion of degeneration {unknown}
 q - 3 potions of heal wounds


   Skills:
 + Level 7.6 Fighting
 * Level 8.2 Long Blades
 + Level 7.7 Armour
 + Level 7.6 Shields


You had 8 spell levels left.
You didn't know any spells.
Your spell library contained the following spells:

 Spells                   Type           Power      Damage    Failure   Level
 Static Discharge         Conj/Air       0%         2-2/arc   93%         2
 Vhi's Electric Charge    Tloc/Air       0%         N/A       99%         3
 Passage of Golubria      Tloc           0%         N/A       100%        4
 Arcjolt                  Conj/Air       0%         1d10      100%        5
 Lightning Bolt           Conj/Air       0%         1d11      100%        5
 Yara's Violent Unravell  Hex/Tmut       0%         3d3       100%        5
 Tukima's Dance           Hex            Unusable   N/A       N/A         3

Dungeon Overview and Level Annotations

Branches:
Dungeon (7/15)             Temple (1/1) D:6           Sewer (visited)

Altars:
Dithmenos
Okawaru
Yredelemnul

Shops:
D:1 :   D:4 (


Innate Abilities, Weirdness & Mutations

You have a pair of horns on your head.
You reflexively headbutt those who attack you in melee.


Message History

You kill the kobold brigand!
Okawaru accepts your kill.
You feel sick.
You have reached level 9!
Your experience leads to an increase in your attributes!
Increase (S)trength, (I)ntelligence, or (D)exterity?
You feel agile. x2
You feel sick.
Things that are here:
a +0 dagger of venom; a curare-tipped dart
(D) Dungeon (T) Temple
Where to? (Enter - D:7, ? - help)
What level of the Dungeon? (default 1, ? - help)
You feel sick.
You feel sick.
You feel sick.
You feel sick.
You are no longer poisoned.
There is a stone staircase leading up here.
You climb upwards.
There is a stone staircase leading down here.
You see here 9 stones.
There is a stone staircase leading up here.
You climb upwards.
There is a stone staircase leading down here.
Magic restored.
There is a stone staircase leading up here.
You climb upwards.
There is a stone staircase leading down, spattered with blood here.
You see here a +0 whip.
There is a stone staircase leading up here.
You climb upwards.
There is a stone staircase leading down here.
There is a stone staircase leading up here.
You climb upwards.
There is a stone staircase leading down here.
There is an open door here.
There is a staircase leading out of the dungeon here.
Are you sure you want to leave the Dungeon?
This will make you lose the game!
You have escaped!

#.......##...............#.
#.......#...>...(..........
#....>..#..................
#.................#####.†..
##....#######'##### ###....
#....# #...# #...... #....#
#...# #.#.... #....#
###...### #...... #....#
#@......# #.#....
#....####.......####.#....
#....#.............#.#....
#....+......⌠...)..+......
#....#.............#.#....
#....####.......####......
#####.# #.......# #......
#....†# ###...### #..###.
#.....# #...# #..#...


There were no monsters in sight!

Vanquished Creatures
  Grinder (D:3)
  A water moccasin (D:6)
  A sky beast (D:4)
  An ogre (D:6)
  7 kobold brigands
  A bullfrog (D:6)
  A necrophage (D:6)
  4 scorpions
  3 hounds
  A jelly (D:5)
  Natasha (thrice) (D:3)
  4 iguanas
  An orc wizard (D:6)
  Robin (D:3)
  7 gnolls
  13 adders
  2 river rats (D:5)
  8 worms
  A dart slug (D:2)
  4 orcs
  9 ball pythons
  9 bats
  7 endoplasms
  7 giant cockroaches
  9 hobgoblins
  10 jackals
  19 kobolds
  6 quokkas
  5 frilled lizards
  14 goblins
  15 rats
175 creatures vanquished.

Notes
Turn   | Place    | Note
-------+----------+-------------------------------------------
     0 | D:1      | KleinerIrrer the Minotaur Fighter began the quest for the
                  | Orb.
     0 | D:1      | Reached XP level 1. HP: 19/19 MP: 0/0
    66 | D:1      | Reached XP level 2. HP: 22/27 MP: 1/1
   285 | D:1      | Reached skill level 3 in Long Blades
   356 | D:1      | Found Hupufish's Book Emporium.
   477 | D:1      | Reached XP level 3. HP: 29/33 MP: 2/2
   842 | D:2      | Reached XP level 4. HP: 40/40 MP: 3/3
   924 | D:2      | HP: 1/40 [gnoll/+0 club (2)]
  1142 | D:2      | Identified the +0 pair of boots of Intuition {Rampage rN++
                  | Stlth-}
  1743 | D:2      | Reached XP level 5. HP: 47/47 MP: 4/4
  1838 | D:3      | Noticed Natasha
  1929 | D:3      | Killed Natasha
  2054 | D:3      | Noticed Grinder
  2056 | D:3      | Paralysed by Grinder for 3 turns
  2062 | D:3      | Paralysed by Grinder for 4 turns
  2069 | D:3      | Paralysed by Grinder for 4 turns
  2077 | D:3      | Killed Grinder
  2078 | D:3      | Reached skill level 5 in Fighting
  2078 | D:3      | Reached skill level 4 in Long Blades
  2078 | D:3      | Reached skill level 5 in Armour
  2078 | D:3      | Reached skill level 5 in Shields
  2078 | D:3      | Reached XP level 6. HP: 50/56 MP: 3/5
  2113 | D:3      | Noticed Robin
  2128 | D:3      | Killed Robin
  2171 | D:3      | Noticed Natasha
  2174 | D:3      | Killed Natasha
  2454 | D:3      | Noticed Natasha
  2459 | D:3      | Killed Natasha
  2464 | D:3      | Found a shadowy altar of Dithmenos.
  2977 | D:4      | Found Rastra Geekk's Antique Weapon Shoppe.
  3059 | D:4      | Noticed a sky beast
  3080 | D:4      | Killed a sky beast
  3081 | D:4      | Reached skill level 5 in Long Blades
  3081 | D:4      | Reached XP level 7. HP: 47/62 MP: 4/6
  3562 | D:5      | Entered Level 5 of the Dungeon
  3860 | D:5      | Found a glowing drain.
  3869 | Sewer    | Entered a sewer
  4025 | Sewer    | Reached skill level 6 in Long Blades
  4129 | Sewer    | Reached XP level 8. HP: 32/71 MP: 5/7
  4865 | D:5      | Reached skill level 7 in Long Blades
  5511 | D:6      | Reached skill level 8 in Long Blades
  5591 | D:6      | Noticed a cyclops
  5817 | D:6      | Found a staircase to the Ecumenical Temple.
  5822 | Temple   | Entered the Ecumenical Temple
  5877 | Temple   | Became a worshipper of Warmaster Okawaru
  6213 | D:6      | Reached XP level 9. HP: 26/79 MP: 5/8
  6282 | D:$      | Got out of the dungeon alive.

Illustrated notes

Levels and vault maps discovered:
D:1:      minmay_arrival_cross, layout_basic, serial_shops, shop
D:2:      layout_loops_cross, minmay_rat_gold_closets
D:3:      layout_basic, grunt_dithmenos_smoke, uniq_natasha, uniq_grinder,
          uniq_robin
D:4:      layout_cave_pools, serial_shops, nicolae_shop_waterfront,
          kennysheep_pointless_box
D:5:      layout_cave_pools, gup_sewer_entry_bubbles
D:6:      layout_loops_ring, minmay_temple_entry_drinking_statues
D:7:      layout_loops_cross, nicolae_gozag_seed_capital, uniq_menkaure
Temple:   mainiacjoe_temple_cubbyholes

Skill      XL: |  1  2  3  4  5  6  7  8 |
---------------+-------------------------+-----
Fighting       | 4 5 6 7 |  7.6
Shields        | 4 5 6 7 |  7.6
Long Blades    | 3 4 5 6 8 |  8.2
Armour         | 4 5 6 7 |  7.7

Action                     |  1- 3 |  4- 6 |  7- 9 || total
---------------------------+-------+-------+-------++-------
  Melee: Long sword        |    74 |   189 |   327 ||   590
         Headbutt          |     9 |    25 |    50 ||    84
  Throw: Throwing net      |       |     2 |       ||     2
         Dart              |       |       |     1 ||     1
    Use: Potion            |     2 |     3 |     8 ||    13
         Scroll            |       |       |     7 ||     7
   Stab: Distracted        |       |     1 |       ||     1
 Armour: Scale mail        |    46 |    91 |   112 ||   249
         Plate armour      |       |       |    29 ||    29
  Dodge: Dodged            |    55 |    61 |   119 ||   235
  Block: Buckler           |    19 |    29 |    85 ||   133

Table legend: (Time is in decaauts)
 A = Elapsed time spent in this place.
 B = Non-inter-level travel time spent in this place.
 C = Inter-level travel time spent in this place.
 D = Time resting spent in this place.
 E = Time spent auto-exploring this place.
 F = Levels seen in this place.
 G = Mean time per level.
                   A        B        C        D        E       F      G
               +--------+--------+--------+--------+--------+-----+--------+
         Total |   6520 |   6030 |    490 |    453 |   4155 |   9 |  724.4 |
       Dungeon |   5356 |   4906 |    450 |    315 |   3435 |   7 |  765.1 |
        Temple |     86 |     46 |     40 |      0 |     43 |   1 |   86.0 |
         Sewer |   1077 |   1077 |      0 |    138 |    676 |   1 | 1077.0 |
               +--------+--------+--------+--------+--------+-----+--------+

Top non-repeatable levels by time:
     D:2: 1137 daAuts
     D:3: 1104 daAuts
   Sewer: 1077 daAuts
     D:6: 984 daAuts
     D:1: 786 daAuts
     D:5: 697 daAuts
     D:4: 633 daAuts
  Temple: 86 daAuts
     D:7: 12 daAuts
